 Dungeon Crawl Stone Soup version 0.19.5 (webtiles) character file.

116 rutigerpupkin the Firebug (level 5, -6/28 HPs)
             Began as a Gargoyle Fire Elementalist on Apr 7, 2017.
             Mangled by Purgy (7 damage)
             ... on level 3 of the Dungeon.
             The game lasted 00:08:07 (1885 turns).

rutigerpupkin the Firebug (GrFE)                    Turns: 1885, Time: 00:08:08

Health: -6/28      AC:  6    Str: 11    XL:     5   Next: 0%
Magic:  1/9        EV: 12    Int: 17    God:
Gold:   137        SH:  0    Dex: 10    Spells: 2 memorised, 5 levels left

rFire  . . .     SeeInvis .     l - +4 mace (crush)
rCold  + . .     Gourm    .     a - +0 robe
rNeg   + . .     Faith    .     (no shield)
rPois  ∞         Spirit   .     (no helmet)
rElec  +         Reflect  .     (no cloak)
rCorr  .         Harm     .     (no gloves)
MR     .....                    (no boots)
Stlth  ++........               (no amulet)
                                (no ring)
                                n - ring of protection from cold

@: no status effects
A: negative energy resistance 1, electricity resistance, unbreathing,
petrification resistance, rot immunity, AC +4
a: no special abilities


You were on level 3 of the Dungeon.
You were not hungry.

You visited 1 branch of the dungeon, and saw 3 of its levels.

You collected 137 gold pieces.

Inventory:

Hand Weapons
 f - a +0 short sword
 l - a +4 mace of crushing (weapon)
Armour
 a - a +0 robe (worn)
 p - a +0 buckler
Jewellery
 n - a ring of protection from cold (left hand)
Scrolls
 h - 2 scrolls of fog {unknown}
 i - a scroll of enchant weapon {unknown}
 j - a scroll of recharging {unknown}
 k - 2 scrolls of remove curse {unknown}
 s - a scroll of magic mapping {unknown}
 t - a scroll of teleportation {unknown}
 u - a scroll of noise {unknown}
 v - a scroll of immolation {unknown}
 x - a scroll of identify {unknown}
Potions
 d - 2 potions of curing {unknown}
 e - 2 potions of flight {unknown}
 m - a potion of magic {unknown}
 o - a potion of mutation {unknown}
 q - 2 potions of degeneration {unknown}
 r - a potion of might {unknown}
Books
 b - a book of Flames

   Spells                             Type                      Level
   a - Flame Tongue                   Conjuration/Fire             1
   b - Throw Flame                    Conjuration/Fire             2
   c - Conjure Flame                  Conjuration/Fire             3
   d - Inner Flame                    Hexes/Fire                   3
   e - Sticky Flame                   Conjuration/Fire             4
   f - Fireball                       Conjuration/Fire             5
Comestibles
 c - 2 bread rations
 g - a chunk of flesh
 w - a meat ration


   Skills:
 - Level 1.5 Dodging
 - Level 2.1 Stealth
 + Level 2.6 Spellcasting
 + Level 2.4 Conjurations
 * Level 4.6 Fire Magic


You had 5 spell levels left.
You knew the following spells:

 Your Spells              Type           Power        Failure   Level  Hunger
a - Flame Tongue          Conj/Fire      ##...        4%          1    #......
b - Conjure Flame         Conj/Fire      ##......     14%         3    ###....


Dungeon Overview and Level Annotations

Branches:
Dungeon (3/15)

Altars:
Qazlal

Annotations:
D:3 Purgy; antares's ghost, amateur MfGl


Innate Abilities, Weirdness & Mutations

You are resistant to torment.
Your stone body is resilient. (AC +4)
You are immune to poison.
You resist negative energy. (rN+)
You are resistant to electric shocks. (rElec)
You can survive without breathing.
You are immune to petrification.
You are immune to rotting.


Message History

Casting: Flame Tongue
Confirm with . or Enter, or press ? or * to list all spells.
Aiming: Flame Tongue
Press: ? - help, Shift-Dir - straight line, f/p - Purgy
Aim: Purgy (heavily wounded)
The flame tongue hits Purgy.
Purgy is almost dead.
Purgy snarls, "Go!
Away!"
Purgy bites you.
* * * LOW HITPOINT WARNING * * *
Purgy closely misses you. Purgy barely misses you.
Casting: Flame Tongue
Confirm with . or Enter, or press ? or * to list all spells.
Aiming: Flame Tongue
Press: ? - help, Shift-Dir - straight line, f/p - Purgy
Aim: Purgy (almost dead)
The flame tongue hits Purgy.
Purgy is almost dead.
Purgy bites you!
You die...

......# ####.........##.
......# #............
......#########.......####
..........#....#.....##
.......##........#T###
.....#.####........########..
....##....#....###†.........#
#########.#....T##..#...#...
###.#####.@.......#
#......#..........#
#........####.....#
#......### #...(.# ########
#.....# #.....# #.....#
#######


You could see Purgy.

Vanquished Creatures
  5 adders
  An ooze (D:2)
  2 worms (D:2)
  2 dart slugs
  2 leopard geckos
  3 giant cockroaches
  4 goblins
  3 hobgoblins (D:1)
  10 jackals
  3 kobolds
  A ball python (D:1)
  5 bats
  9 frilled lizards
  9 rats
59 creatures vanquished.

Notes
Turn   | Place    | Note
-------+----------+-------------------------------------------
     0 | D:1      | rutigerpupkin the Gargoyle Fire Elementalist began the quest for the Orb.
     0 | D:1      | Reached XP level 1. HP: 10/10 MP: 3/3
   183 | D:1      | Reached XP level 2. HP: 6/15 MP: 3/5
   666 | D:1      | Reached XP level 3. HP: 19/19 MP: 6/6
  1133 | D:2      | Reached skill level 4 in Fire Magic
  1162 | D:2      | Found a faded altar of an unknown god.
  1206 | D:2      | Reached XP level 4. HP: 24/24 MP: 5/7
  1211 | D:2      | Learned a level 3 spell: Conjure Flame
  1363 | D:2      | Found a stormy altar of Qazlal.
  1517 | D:3      | Noticed Purgy
  1518 | D:3      | Noticed antares's ghost (amateur MfGl)
  1858 | D:3      | Reached XP level 5. HP: 21/28 MP: 7/9
  1884 | D:3      | HP: 1/28 [Purgy (3)]
  1885 | D:3      | Mangled by Purgy

Skill      XL: |  1  2  3 |
---------------+----------+-----
Fire Magic     | 4 |  4.6
Conjurations   | 2 |  2.4
Dodging        | |  1.5
Stealth        | |  2.1
Spellcasting   | |  2.6

Action                   |  1- 3 |  4- 6 || total
-------------------------+-------+-------++-------
Melee: Short sword       |    36 |       ||    36
       Mace              |    20 |    30 ||    50
 Cast: Flame Tongue      |    36 |    32 ||    68
 Stab: Sleeping          |     4 |     1 ||     5
  Eat: Chunk             |     2 |     2 ||     4
Armor: Robe              |    22 |    27 ||    49
Dodge: Dodged            |    58 |    51 ||   109
